 Dungeon Crawl Stone Soup version 0.28.0-47-ge53b351184 (webtiles) character file.

Game seed: 13921281605579770892

86 101zpm the Slasher (level 4, 0/37 (38) HPs)
             Began as a Barachi Berserker on Apr 28, 2022.
             Was a Believer of Trog.
             Slain by an orc wizard
             ... wielding a +0 dagger
              (4 damage)
             ... on level 2 of the Dungeon.
             The game lasted 00:02:49 (3540 turns).

101zpm the Slasher (Barachi Berserker)              Turns: 3540, Time: 00:02:50

HP:   0/37 (38)     AC:  2    Str: 20    XL:     4   Next: 50%
MP:   4/4           EV: 12    Int:  8    God:    Trog [**....]
Gold: 65            SH:  0    Dex: 11    Spells: 3/3 levels left

rFire   . . .      SeeInvis .   a - +0 falchion
rCold   . . .      Faith    .   (no shield)
rNeg    . . .      Spirit   .   b - +0 animal skin
rPois   .          Reflect  .   (no helmet)
rElec   .          Harm     .   (no cloak)
rCorr   .          Rampage  .   (no gloves)
Will    ++...                   (no boots)
Stlth   +.........              f - amulet of magic regeneration
HPRegen 1.12/turn               (no ring)
MPRegen 0.49/turn               (no ring)

@: strong-willed (expiring), regenerating (expiring), lightly drained, slow
A: amphibious, slowness 1, strong legs 1, +LOS
a: Hop, Renounce Religion, Berserk, Trog's Hand


You were on level 2 of the Dungeon.
You worshipped Trog.
Trog was pleased with you.
You visited 1 branch of the dungeon, and saw 3 of its levels.

You collected 65 gold pieces.

Inventory:

Hand Weapons
 a - a +0 falchion (weapon)
Armour
 b - a +0 animal skin (worn)
Jewellery
 f - an amulet of magic regeneration (around neck)
Wands
 g - a wand of acid (6)
Scrolls
 c - a scroll of identify {unknown}
 d - a scroll of vulnerability {unknown}
Potions
 e - a potion of curing {unknown}
 h - a potion of attraction {unknown}
 i - a potion of lignification {unknown}
 j - a potion of ambrosia {unknown}


   Skills:
 + Level 4.4 Fighting
 + Level 4.8 Long Blades
 + Level 2.7 Armour
 + Level 3.0 Dodging
 + Level 0.6 Stealth


You had 3 spell levels left.
You didn't know any spells.
Your spell library was empty.

Dungeon Overview and Level Annotations

Branches:
Dungeon (3/15)

Altars:
Cheibriados


Innate Abilities, Weirdness & Mutations

You are amphibious.
You cover ground slowly.
You can hop short distances.
You have an extended range of vision and can be seen from far away.


Message History

The orc wizard is lightly wounded.
The orc closely misses you. The orc wizard closely misses you.
You hit the orc wizard but do no damage.
The orc wizard is lightly wounded.
The orc hits you with a +0 hand axe. The orc wizard closely misses you.
You hit the orc wizard.
The orc wizard is moderately wounded.
The orc hits you with a +0 club. The orc hits you with a +0 hand axe.
The orc wizard hits you but does no damage.
The orc hits you with a +0 flail!
You are too injured to fight recklessly!
You are too injured to fight recklessly!
You are too injured to fight recklessly!
You are too injured to fight recklessly!
You are too injured to fight recklessly!
You are too injured to fight recklessly!
You are too injured to fight recklessly!
You are too injured to fight recklessly!
You are too injured to fight recklessly!
The orc barely misses you. The orc hits you with a +0 hand axe!
* * * LOW HITPOINT WARNING * * *
The orc hits you with a +0 club.
* * * LOW HITPOINT WARNING * * *
There is a stone staircase leading up, spattered with blood here.
The orc barely misses you.
The orc wizard casts a spell.
The orc wizard flickers and vanishes!
Deactivating autopickup; reactivate with Ctrl-A.
You feel the effects of Trog's Hand fading.
The orc barely misses you. Something barely misses you.
The orc barely misses you. The orc hits you with a +0 flail!
* * * LOW HITPOINT WARNING * * *
You climb upwards.
Reactivating autopickup.
There is a stone staircase leading down here.
Deactivating autopickup; reactivate with Ctrl-A.
You hit something but do no damage. The orc hits you with a +0 club.
* * * LOW HITPOINT WARNING * * *
The orc barely misses you. Something hits you.
You die...

########### ########
#.........#####......#
#.........o..........## #
#.......o@###...._....# ###
##.........o##.#.....#.## ..#
#.....#.................#
#.#####............######.##..#
#.............................#
######...........#.######.....#
#...........#.# #....##
#..####..#.#..# #.#..# ##
#.............# #..>.#


You could see 3 orcs.

Vanquished Creatures
  Jessica (D:2)
  An adder (D:2)
  2 dart slugs
  6 ball pythons
  7 bats
  3 endoplasms
  A giant cockroach (D:1)
  8 goblins
  5 hobgoblins
  2 jackals (D:2)
  2 kobolds (D:1)
  A quokka (D:2)
  4 frilled lizards (D:1)
  2 rats (D:1)
45 creatures vanquished.

Notes
Turn   | Place    | Note
-------+----------+-------------------------------------------
     0 | D:1      | 101zpm the Barachi Berserker began the quest for the Orb.
     0 | D:1      | Reached XP level 1. HP: 18/18 MP: 1/1
   282 | D:1      | Found a faded altar of an unknown god.
   303 | D:1      | Reached XP level 2. HP: 4/25 MP: 2/2
  1003 | D:1      | Reached XP level 3. HP: 23/30 MP: 3/3
  1844 | D:2      | Found a snail-covered altar of Cheibriados.
  2031 | D:2      | Reached ** piety under Trog
  2894 | D:2      | Reached XP level 4. HP: 25/38 MP: 4/4
  3010 | D:2      | Noticed Jessica
  3019 | D:2      | Killed Jessica
  3540 | D:2      | Slain by an orc wizard

Illustrated notes

Levels and vault maps discovered:
D:1:      wheals_arrival_linesprint, layout_basic,
          nicolae_ecumenical_snake_handling, minmay_tiny_reverse_x
D:2:      minmay_evil_eye, layout_loops_ring, basic_altar, uniq_jessica
D:3:      minmay_recursive_quarters, layout_basic, nemelex_altar_shiori,
          uniq_sigmund

Skill      XL: |  1  2  3  4 |
---------------+-------------+-----
Long Blades    | 4 |  4.8
Fighting       | 4 |  4.4
Dodging        | 3 |  3.0
Armour         | |  2.7
Stealth        | |  0.6

Action                   |  1- 3 |  4- 6 || total
-------------------------+-------+-------++-------
Melee: Falchion          |   131 |    26 ||   157
       Punch             |     3 |       ||     3
Invok: Trog's Hand       |       |     1 ||     1
Armor: Animal skin       |    50 |    13 ||    63
Dodge: Dodged            |   119 |    28 ||   147
